 Dungeon Crawl Stone Soup version 0.20.1-1-g8b1a95d (console) character file.

61 hilaritas the Digger (level 4, -1/24 HPs)
             Began as a Gargoyle Earth Elementalist on Oct 8, 2017.
             Slain by Sigmund
             ... wielding a +0 scythe
              (3 damage)
             ... on level 2 of the Dungeon.
             The game lasted 00:03:12 (1411 turns).

hilaritas the Digger (Gargoyle Earth Elementalist)  Turns: 1411, Time: 00:03:13

Health: -1/24      AC:  5    Str: 11    XL:     4   Next: 7%
Magic:  0/7        EV: 11    Int: 22    God:
Gold:   111        SH:  3    Dex: 10    Spells: 3/7 levels left

rFire    . . .     SeeInvis .   j - +0 whip (curse)
rCold    . . .     Gourm    .   r - +0 buckler
rNeg     + . .     Faith    .   c - +0 robe
rPois    ∞         Spirit   .   (no helmet)
rElec    +         Reflect  .   (no cloak)
rCorr    .         Harm     .   (no gloves)
MR       .....                  (no boots)
Stlth    ++........             (no amulet)
Regen    0.1/turn               (no ring)
MPRegen  0.1/turn               (no ring)

@: brilliant
A: negative energy resistance 1, electricity resistance, unbreathing,
petrification resistance, rot immunity, AC +3
a: no special abilities


You were on level 2 of the Dungeon.
You were not hungry.

You visited 1 branch of the dungeon, and saw 2 of its levels.

You collected 111 gold pieces.

Inventory:

Hand Weapons
 j - a cursed +0 whip (weapon)
Missiles
 b - 41 stones (quivered)
Armour
 c - a +0 robe (worn)
 r - a +0 buckler (worn)
Scrolls
 f - a scroll of fear {unknown}
 g - a scroll of teleportation {unknown}
 o - a scroll of identify {unknown}
 p - a scroll of enchant armour {unknown}
 q - a scroll of blinking {unknown}
Potions
 k - a potion of brilliance
 m - a potion of invisibility {unknown}
 n - 2 potions of curing {unknown}
Books
 e - a book of Geomancy

   Spells                             Type                      Level
   a - Sandblast                      Earth                        1
   b - Passwall                       Transmutation/Earth          2
   c - Stone Arrow                    Conjuration/Earth            3
   d - Petrify                        Transmutation/Earth          4
   e - Lee's Rapid Deconstruction     Earth                        5
Comestibles
 a - a meat ration
 d - a bread ration
 h - a royal jelly
 i - a chunk of flesh
 l - 2 fruits


   Skills:
 - Level 1.5 Dodging
 - Level 2.1 Stealth
 * Level 0.7 Shields
 - Level 2.0 Spellcasting
 * Level 2.0 Conjurations
   Level 0.7 Transmutations
 - Level 5.0 Earth Magic


You had 3 spell levels left.
You knew the following spells:

 Your Spells              Type           Power        Failure   Level  Hunger
a - Sandblast             Erth           #####.       1%          1    #......
b - Stone Arrow           Conj/Erth      ####..       1%          3    ###....


Dungeon Overview and Level Annotations

Branches:
Dungeon (2/15)

Altars:
Nemelex Xobeh

Annotations:
D:2 Sigmund


Innate Abilities, Weirdness & Mutations

You are resistant to torment.
Your stone body is resilient. (AC +3)
You are immune to poison.
You resist negative energy. (rN+)
You are resistant to electric shocks. (rElec)
You can survive without breathing.
You are immune to petrification.
You are immune to rotting.


Message History

The goblin barely misses you.
Casting: Sandblast
Confirm with . or Enter, or press ? or * to list all spells.
Aiming: Sandblast
Press: ? - help, Shift-Dir - straight line, f/p - Sigmund
Aim: Sigmund, wielding a scythe and wearing a robe (almost dead)
The blast of sand misses Sigmund.
b - 41 stones Sigmund hits you with a scythe.
You block the goblin's attack.
You closely miss Sigmund.
Sigmund is almost dead.
The goblin barely misses you.
Sigmund points at you and mumbles some strange words.
The magic dart hits you!
* * * LOW HITPOINT WARNING * * *
It was a potion of brilliance.
You feel clever all of a sudden. The goblin barely misses you.
The rat bites you but does no damage. Sigmund hits you with a scythe.
You die...

#.##'#...# #.#'#+###
#.#......###......
..#....#..##..)...
###....##.##......)#
#....##..#.......#
#.....###.#.......#
#...........#....#
#...#####.###....####
##### #..##.......# #
##.##..r....# #
#....(g@@...# #
#.....##......# #
####...(.# #+###.# #
...(.....# #
...#.....#
....#.....# ...
####..# ... #..# ...#
..># ...#


You could see Sigmund, a goblin and a rat.

Vanquished Creatures
  2 adders (D:2)
  A worm (D:2)
  A dart slug (D:1)
  A leopard gecko (D:2)
  A giant cockroach (D:1)
  6 goblins
  9 hobgoblins
  3 kobolds
  3 bats (D:1)
  4 frilled lizards
  4 rats
35 creatures vanquished.

Notes
Turn   | Place    | Note
-------+----------+-------------------------------------------
     0 | D:1      | hilaritas the Gargoyle Earth Elementalist began the quest for the Orb.
     0 | D:1      | Reached XP level 1. HP: 10/10 MP: 3/3
   106 | D:1      | Found a sparkling altar of Nemelex Xobeh.
   230 | D:1      | Reached skill level 4 in Earth Magic
   314 | D:1      | Reached XP level 2. HP: 12/15 MP: 0/5
   929 | D:2      | Reached skill level 5 in Earth Magic
   929 | D:2      | Reached XP level 3. HP: 19/19 MP: 2/6
   934 | D:2      | Learned a level 3 spell: Stone Arrow
  1035 | D:2      | Reached skill level 1 in Conjurations
  1344 | D:2      | Noticed Sigmund
  1350 | D:2      | Reached XP level 4. HP: 24/24 MP: 3/7
  1410 | D:2      | HP: 1/24 [Sigmund/magic dart (10)]
  1411 | D:2      | Slain by Sigmund

Skill      XL: |  1  2  3  4 |
---------------+-------------+-----
Earth Magic    | 4 5 |  5.0
Conjurations   | 1 2 |  2.0
Dodging        | |  1.5
Stealth        | |  2.1
Shields        | |  0.7
Spellcasting   | |  2.0
Transmutations | |  0.7

Action                   |  1- 3 |  4- 6 || total
-------------------------+-------+-------++-------
Melee: Whip              |    22 |     3 ||    25
 Cast: Sandblast         |    43 |     9 ||    52
  Use: Potion            |       |     1 ||     1
  Eat: Chunk             |     2 |       ||     2
Armor: Robe              |    14 |     4 ||    18
Dodge: Dodged            |    21 |     7 ||    28
Block: Buckler           |       |     3 ||     3
